 Dungeon Crawl Stone Soup version 0.22.0-36-g8e74550 (webtiles) character file.

1852 iamserjio the Grappler (level 8, -2/74 HPs)
             Began as a Troll Fighter on Aug 24, 2018.
             Was a Priest of Okawaru.
             Slain by a centaur zombie (3 damage)
             ... while paralysed by a hornet
             ... on level 8 of the Dungeon.
             The game lasted 00:10:00 (1470 turns).

iamserjio the Grappler (Troll Fighter)              Turns: 1470, Time: 00:10:01

Health: -2/74      AC:  5    Str: 25    XL:     8   Next: 88%
Magic:  9/9        EV:  1    Int:  6    God:    Okawaru [***...]
Gold:   170        SH:  0    Dex:  9    Spells: 7/7 levels left

rFire    . . .     SeeInvis .     - Unarmed
rCold    . . .     Gourm    +   b - +1 shield
rNeg     . . .     Faith    .   a - +0 robe
rPois    .         Spirit   .   (helmet restricted)
rElec    .         Reflect  .   (no cloak)
rCorr    .         Harm     .   (gloves unavailable)
MR       .....                  (boots unavailable)
Stlth    +.........             (no amulet)
HPRegen  0.62/turn              (no ring)
MPRegen  0.11/turn              (no ring)

@: paralysed, lethally poisoned (-2 -> -18), slowed
A: large, unfitting armour, claws 3, fast metabolism 3, gourmand, regeneration
1, shaggy fur 1, tough skin 2
a: Heroism, Renounce Religion


You were on level 8 of the Dungeon.
You worshipped Okawaru.
Okawaru was most pleased with you.
You were full.

You visited 1 branch of the dungeon, and saw 8 of its levels.
You also visited: Sewer.

You collected 170 gold pieces.

Inventory:

Hand Weapons
 h - a cursed -1 falchion
Missiles
 t - 4 needles of confusion
 x - 3 curare-tipped needles {!f}
Armour
 a - a +0 robe (worn)
 b - a +1 shield (worn)
Wands
 m - a wand of flame (53)
 r - a wand of acid (9)
 y - a wand of polymorph (2)
 D - a wand of paralysis (4)
Scrolls
 f - 3 scrolls of enchant armour
 i - 4 scrolls of fear {unknown}
 j - a scroll of random uselessness {unknown}
 k - 4 scrolls of enchant weapon {unknown}
 l - 2 scrolls of fog {unknown}
 n - 2 scrolls of teleportation {unknown}
 p - 2 scrolls of identify {unknown}
 v - a scroll of magic mapping {unknown}
 w - a scroll of immolation {unknown}
 z - a scroll of remove curse {unknown}
 C - a scroll of amnesia {unknown}
Potions
 c - a potion of might
 e - 2 potions of haste
 g - 2 potions of lignification {unknown}
 o - 4 potions of curing {unknown}
 q - a potion of magic {unknown}
 s - 2 potions of flight {unknown}
 u - 2 potions of cancellation {unknown}
 B - a potion of heal wounds {unknown}
Comestibles
 d - 7 rations
 A - 3 chunks of flesh


   Skills:
 - Level 2.4 Fighting
 - Level 2.4 Dodging
 - Level 5.3 Shields
 * Level 9.0 Unarmed Combat
 + Level 3.9 Invocations
 - Level 1.0 Evocations


You had 7 spell levels left.
You didn't know any spells.
Your spell library contained the following spells:

 Spells                   Type           Power        Failure   Level  Hunger
 Animate Skeleton         Necr           N/A          73%         1    ##.....
 Apportation              Tloc           #.....       73%         1    ##.....
 Confusing Touch          Hex            #.....       73%         1    ##.....
 Summon Small Mammal      Summ           #...         73%         1    ##.....


Dungeon Overview and Level Annotations

Branches:
Dungeon (8/15)             Temple (0/1) D:7
   Lair: D:8-11

Altars:
Cheibriados
Elyvilon
Hepliaklqana
Kikubaaqudgha
Okawaru
Qazlal
Vehumet


Innate Abilities, Weirdness & Mutations

You are too large for most types of armour.
You have claws for hands.
Your metabolism is lightning-fast.
You like to eat raw meat.
Your natural rate of healing is unusually fast.
You are covered in fur. (AC +1)
You have very tough skin. (AC +2)


Message History

You claw the hornet!
The hornet is heavily wounded.
You feel sick. The hornet stings you.
You suddenly lose the ability to move!
The centaur zombie hits you. The hornet stings you.
You are more poisoned.
You feel as though you will be slow longer.
You feel sick. The centaur zombie hits you. The hornet stings you.
You feel as though you will be slow longer.
The centaur zombie hits you.
* * * LOW HITPOINT WARNING * * *
The hornet stings you!
* * * LOW HITPOINT WARNING * * *
You are lethally poisoned!
You feel as though you will be slow longer.
* * * LOW HITPOINT WARNING * * *
You feel sick. The hornet stings you!
* * * LOW HITPOINT WARNING * * *
You feel as though you will be slow longer.
The centaur zombie hits you.
You die...

... # #.# .. #.#
... #.# .... #.#
.....######.#####.#
.........(#........
......y@.()<.......
......Z##'#..#.....
.....).#........##.
.......#........#
....)..#........#
.......#........+
.....###........#
≈≈... +........#


You could see a hornet and a centaur zombie.

Vanquished Creatures
  Pikel (D:6)
  Edmund (D:6)
  3 slaves (D:6)
  A sky beast (D:8)
  A black bear (D:6)
  3 centaurs
  A big kobold (Sewer)
  A scorpion (D:5)
  2 howler monkeys (D:6)
  2 crimson imps
  A centaur skeleton (D:6)
  2 hounds
  An orc priest (D:7)
  4 orc wizards
  A bullfrog skeleton (D:4)
  4 worker ants
  Natasha (D:3)
  A hound skeleton (D:5)
  2 worker ant zombies
  9 adders
  A river rat (Sewer)
  A shadow imp (D:5)
  A dart slug (D:2)
  3 leopard geckos (D:6)
  16 orcs
  3 bats
  2 giant cockroaches
  2 goblins (D:2)
  3 hobgoblins (D:2)
  8 jackals
  13 kobolds
  2 ball pythons
  2 frilled lizards
  A jackal skeleton (D:5)
  A jackal zombie (D:5)
  A leopard gecko zombie (D:6)
  4 rats
106 creatures vanquished.

Notes
Turn   | Place    | Note
-------+----------+-------------------------------------------
     0 | D:1      | iamserjio the Troll Fighter began the quest for the Orb.
     0 | D:1      | Reached XP level 1. HP: 22/22 MP: 0/0
   105 | D:2      | Found an iron altar of Okawaru.
   115 | D:2      | Reached XP level 2. HP: 23/29 MP: 1/1
   126 | D:2      | Became a worshipper of Warmaster Okawaru
   161 | D:2      | Reached skill level 3 in Unarmed Combat
   182 | D:3      | Reached XP level 3. HP: 36/36 MP: 2/2
   211 | D:3      | Noticed Natasha
   221 | D:3      | Killed Natasha
   259 | D:2      | Found an ancient bone altar of Kikubaaqudgha.
   266 | D:2      | Reached XP level 4. HP: 44/44 MP: 3/3
   380 | D:3      | Found a hazy altar of Hepliaklqana.
   465 | D:4      | Reached skill level 4 in Unarmed Combat
   498 | D:4      | Found a white marble altar of Elyvilon.
   526 | D:4      | Reached XP level 5. HP: 47/50 MP: 4/4
   556 | D:4      | Reached * piety under Okawaru
   565 | D:4      | Reached skill level 5 in Unarmed Combat
   605 | D:4      | Found a radiant altar of Vehumet.
   624 | D:4      | Reached XP level 6. HP: 47/59 MP: 5/5
   697 | D:5      | Entered Level 5 of the Dungeon
   766 | D:5      | Reached skill level 6 in Unarmed Combat
   916 | D:6      | Found a glowing drain.
   931 | Sewer    | Entered a sewer
   989 | Sewer    | Reached ** piety under Okawaru
   989 | Sewer    | Reached XP level 7. HP: 65/66 MP: 6/6
  1009 | Sewer    | Found a glowing silver altar of Zin.
  1071 | D:6      | Noticed Edmund
  1081 | D:6      | Killed Edmund
  1081 | D:6      | Reached skill level 1 in Invocations
  1181 | D:6      | Reached skill level 1 in Evocations
  1198 | D:6      | Reached skill level 7 in Unarmed Combat
  1244 | D:6      | Reached *** piety under Okawaru
  1244 | D:6      | Reached XP level 8. HP: 23/74 MP: 5/8
  1302 | D:6      | Noticed Pikel
  1315 | D:6      | Killed Pikel
  1315 | D:6      | Reached skill level 5 in Shields
  1315 | D:6      | Reached skill level 8 in Unarmed Combat
  1346 | D:7      | Found a stormy altar of Qazlal.
  1349 | D:7      | Noticed an air elemental
  1358 | D:7      | Found a snail-covered altar of Cheibriados.
  1370 | D:7      | Found a staircase to the Ecumenical Temple.
  1458 | D:8      | Reached skill level 9 in Unarmed Combat
  1460 | D:8      | Noticed a hornet
  1468 | D:8      | Paralysed by a hornet for 3 turns
  1470 | D:8      | HP: 1/74 [hornet (8)]
  1470 | D:8      | Slain by a centaur zombie

Skill      XL: |  1  2  3  4  5  6  7  8 |
---------------+-------------------------+-----
Unarmed Combat | 3 4 5 6 7 9 |  9.0
Shields        | 3 4 5 |  5.3
Invocations    | 2 3 |  3.9
Evocations     | 1 |  1.0
Fighting       | |  2.4
Dodging        | |  2.4

Action                   |  1- 3 |  4- 6 |  7- 9 || total
-------------------------+-------+-------+-------++-------
Melee: Unarmed           |    76 |   180 |   126 ||   382
Invok: Heroism           |       |       |     7 ||     7
  Use: Scroll            |       |       |     1 ||     1
  Eat: Ration            |       |     1 |       ||     1
       Chunk             |       |     6 |     8 ||    14
Armor: Robe              |    31 |    40 |    19 ||    90
Dodge: Dodged            |    15 |    68 |    30 ||   113
Block: Shield            |    28 |    89 |    56 ||   173
